Map: Frozen Temple

Players

Pokebunny

  • Race: Terran Terran
  • League: Grandmaster

BerryCruncH - Winner!

  • Race: Terran Terran
  • League: Grandmaster

VOD

Have the link to the VOD?

Description

Time

  • Played on: April 6, 2016, 5:21 p.m.
  • Length: 9:10
Show
View Real Time Build Order
Export as new Build Order

Pokebunny Terran 

Build Orders: 1/1/1 

Get SALT Encoding   

  12  0:00  SCV  
  13  0:13  SCV  
  14  0:18  Supply Depot  
  14  0:25  SCV  
  15  0:29  Refinery  
  15  0:39  SCV  
  16  0:44  Barracks  
  16  0:52  SCV  
  17  1:04  SCV  
  18  1:16  SCV  
  19  1:31  Orbital Command, Marine  
  19  1:32  Factory  
  20  1:39  Supply Depot  
  20  1:44  Refinery  
  20  1:49  Marine  
  21  1:58  SCV  
  22  2:09  Barracks Reactor  
  22  2:10  SCV  
  23  2:16  Hellion  
  23  2:17  Starport  
  25  2:23  Supply Depot  
  25  2:24  SCV  
  26  2:36  SCV  
  27  2:39  Factory Tech Lab  
  27  2:44  Marine  
  27  2:45  Marine  
  27  2:48  SCV  
  30  2:53  Supply Depot  
  30  2:54  Medivac  
  32  3:00  SCV  
  32  3:04  Siege Tank  
  36  3:07  Marine  
  36  3:11  Marine  
  38  3:18  SCV  
  39  3:25  Engineering Bay  
  39  3:28  Marine  
  39  3:29  Marine  
  39  3:32  Viking  
  42  3:45  Siege Tank  
  42  3:46  Marine  
  42  3:47  Marine  
  45  4:00  Supply Depot x2  
  45  4:02  Missile Turret  
  47  4:20  Marine x2  
  47  4:22  Siege Tank  
  50  4:28  SCV  
  51  4:32  Medivac  
  51  4:38  Marine x2  
  53  4:54  Siege Tank  
  56  5:02  Marine x2  
  58  5:18  Command Center  
  57  5:34  Marine  
  57  5:35  Siege Tank, Marine  
  62  5:40  Command Center  
  61  5:44  SCV  
  58  5:56  SCV  
  59  5:57  Marine x2  
  53  6:12  SCV  
  53  6:14  Siege Tank  
  53  6:15  Marine x2  
  59  6:21  Supply Depot  
  59  6:24  Barracks  
  59  6:25  Barracks  
  53  6:40  SCV  
  53  6:44  Marine x2  
  53  6:46  Siege Tank  
  59  6:52  Starport Reactor  
  59  6:58  Orbital Command  
  59  7:03  Marine  
  59  7:08  SCV  
  61  7:13  Barracks Tech Lab  
  61  7:14  Barracks Tech Lab  
  61  7:20  Barracks Reactor  
  61  7:30  Medivac x2  
  61  7:33  SCV  
  61  7:35  SCV  
  67  7:45  SCV  
  67  7:47  SCV  
  68  7:57  Siege Tank, Marine  
  68  7:58  Marine  
  73  8:01  Marine x3  
  76  8:05  Supply Depot  
  76  8:07  SCV x2  
  78  8:15  Medivac  
  78  8:18  Marine x2  
  81  8:26  Marine  
  82  8:27  Marine x2  
  84  8:34  Supply Depot  
  84  8:35  Refinery  
  84  8:36  Refinery  
  73  8:53  SCV x2  
Show
View Real Time Build Order
Export as new Build Order

BerryCruncH Terran - Winner!

Build Orders: 1/1/1 

Get SALT Encoding   

  12  0:00  SCV  
  13  0:12  SCV  
  14  0:17  Supply Depot  
  14  0:25  SCV  
  14  0:27  Refinery  
  15  0:39  SCV  
  16  0:45  Barracks  
  16  0:51  SCV  
  17  1:03  SCV  
  18  1:14  Refinery  
  18  1:15  SCV  
  19  1:31  Reaper  
  19  1:32  Orbital Command  
  20  1:44  Factory  
  20  1:55  Supply Depot  
  20  1:58  SCV  
  21  2:04  Reaper  
  22  2:10  SCV  
  23  2:17  Supply Depot  
  23  2:22  SCV  
  24  2:28  Hellion  
  24  2:29  Starport  
  26  2:34  SCV  
  27  2:37  Barracks Reactor  
  27  2:49  Hellion, SCV  
  30  2:51  Supply Depot  
  30  3:01  SCV  
  31  3:15  Command Center  
  31  3:19  Viking  
  33  3:25  Viking  
  35  3:36  SCV  
  35  3:37  Barracks Tech Lab  
  35  3:38  Factory Tech Lab  
  36  3:44  Engineering Bay  
  36  3:55  Marine  
  36  3:57  Siege Tank  
  36  3:59  Medivac  
  36  4:00  Medivac  
  44  4:13  SCV  
  45  4:25  SCV  
  45  4:30  Barracks, Siege Tank  
  45  4:31  Barracks  
  49  4:40  SCV  
  49  4:44  Marine  
  46  5:02  Siege Tank, Marine  
  49  5:13  Viking x2  
  53  5:20  Marine  
  54  5:30  Supply Depot  
  54  5:34  Supply Depot  
  52  5:55  Marine x3, SCV  
  54  6:14  Marine  
  54  6:18  Stimpack  
  54  6:19  Terran Infantry Weapons Level 1  
  54  6:44  Orbital Command  
  54  6:59  Orbital Command  
  54  7:10  Supply Depot  
  54  7:25  Marine x3  
  54  7:26  Siege Tank, Supply Depot x2, SCV  
  61  7:31  Medivac x2  
  61  7:36  SCV  
  66  7:43  Marine, SCV  
  68  7:49  Marine x2  
  70  7:53  SCV  
  70  7:55  SCV  
  72  8:01  Medivac  
  74  8:09  SCV x2  
  76  8:13  Marine x3  
  79  8:21  Siege Tank, SCV  
  81  8:31  Marine  
  85  8:35  SCV  
  85  8:40  SCV  
  87  8:42  Supply Depot  
  79  8:49  Marine  
Tags
 
Add a new tag
Caveats
  • Supply blocks, unpowered buildings, or Contaminate may cause inaccurate times.
  • Supply counts are checked every 10 seconds.